 Dungeon Crawl Stone Soup version 0.30.1 (webtiles) character file.

Game seed: 4005523437718841479

174 Arctor the Insei (level 5, 0/34 HPs)
             Began as an Octopode Transmuter on July 9, 2023.
             Slain by Grinder (6 damage)
             ... on level 4 of the Dungeon.
             The game lasted 00:04:48 (3834 turns).

Arctor the Insei (Octopode Transmuter)              Turns: 3834, Time: 00:04:49

Health: 0/34       AC:  1    Str:  9    XL:     5   Next: 54%
Magic:  8/8        EV: 18    Int: 17    God:
Gold:   33         SH:  0    Dex: 13    Spells: 4/9 levels left

rFire   . .          .
                       - Unarmed
rCold   . . .        (no shield)
rNeg    . . .        (helmet currently unavailable)
rPois   .            (no amulet)
rElec   .            f - +5 ring of evasion
rCorr   .            (no ring)
SInv    +            (no ring)
Will    +....        (no ring)
Stlth   ++           (no ring)
HPRegen 0.25/turn    (no ring)
MPRegen 0.11/turn    (no ring)
                     (no ring)

%: no passive effects
@: appendages (expiring)
A: tentacle spike 3, almost no armour, amphibious, 8 rings, camouflage 1,
gelatinous body 1, (nimble swimmer 1), tentacles, see invisible, strong-willed 1
a: End Transformation


You were on level 4 of the Dungeon.
One of your tentacles had grown a beastly spike.
You visited 1 branch of the dungeon, and saw 4 of its levels.

You collected 89 gold pieces.
You spent 56 gold pieces at shops.

Inventory:

Jewellery
 f - a +5 ring of evasion (left tentacle)
Scrolls
 a - a scroll of vulnerability {unknown}
 c - a scroll of torment
 e - 2 scrolls of immolation
 g - a scroll of teleportation
 h - a scroll of brand weapon
 i - a scroll of amnesia
Potions
 b - a potion of resistance
 d - 2 potions of curing
 j - a potion of mutation


   Skills:
 - Level 1.8 Fighting
 - Level 2.5 Dodging
 + Level 3.7 Unarmed Combat
 - Level 2.5 Spellcasting
 * Level 3.3 Transmutations
 * Level 2.0 Ice Magic


You had 4 spell levels left.
You knew the following spells:

 Your Spells              Type           Power      Damage    Failure   Level
a - Beastly Appendage     Tmut           26%        N/A       4%          1
b - Ice Form              Ice/Tmut       11%        N/A       52%         4

Your spell library contained the following spells:

 Spells                   Type           Power      Damage    Failure   Level
 Wereblood                Tmut           13%        N/A       7%          2
 Shock                    Conj/Air       8%         1d3       19%         1
 Sublimation of Blood     Necr           2%         N/A       28%         2
 Spider Form              Tmut/Pois      7%         N/A       28%         3
 Inner Flame              Hex/Fire       2%         N/A       50%         3
 Swiftness                Air            2%         N/A       50%         3
 Airstrike                Air            1%         2d(1-17)  88%         4
 Flame Wave               Conj/Fire      2%         2d4       88%         4
 Sticky Flame             Conj/Fire      2%         2d3       88%         4
 Summon Hydra             Summ           1%         N/A       100%        7


Dungeon Overview and Level Annotations

Branches:
Dungeon (4/15)
 Temple: D:4-7

Altars:
Nemelex Xobeh
Okawaru
Trog
The Shining One

Shops:
D:3 ?

Annotations:
D:2 Sigmund
D:4 Grinder


Innate Abilities, Weirdness & Mutations

One of your tentacles has grown a beastly spike.
You cannot wear most types of armour.
You are amphibious.
You can wear up to eight rings at the same time.
Your skin changes colour to match your surroundings (Stealth+).
Your rubbery body absorbs attacks. (AC +1, EV +1)
((You are camouflaged when in or above water. (Stealth+)))
You have tentacles for arms and can constrict up to eight enemies at once.
You have supernaturally acute eyesight. (SInv)
You are strong-willed. (Will+)


Message History

You can move again.
You barely miss Grinder. You grab Grinder.
You pierce Grinder, but do no damage.
You tentacle-slap Grinder.
Grinder is lightly wounded.
You constrict Grinder. Grinder gestures at you.
You resist with almost no effort.
You completely miss Grinder.
Grinder is lightly wounded.
You constrict Grinder.
Unknown command.
You tentacle-slap Grinder. You squeeze Grinder.
Grinder is lightly wounded.
You constrict Grinder.
Grinder drinks a potion.
Grinder seems to speed up.
You tentacle-slap Grinder. You squeeze Grinder.
Grinder is moderately wounded.
You constrict Grinder. Grinder barely misses you.
Grinder says, "What is the universe for?"
Grinder barely misses you.
You barely miss Grinder.
Grinder is moderately wounded.
Your transformation is almost over.
You constrict Grinder. Grinder closely misses you.
You tentacle-slap Grinder but do no damage.
Grinder is moderately wounded.
You constrict Grinder. Grinder hits you but does no damage.
Grinder gestures at you. Pain shoots through your body!
You tentacle-slap Grinder.
You pierce Grinder, but do no damage.
You squeeze Grinder, but do no damage.
Grinder is heavily wounded.
You constrict Grinder. Grinder gestures at you.
You resist with almost no effort.
You tentacle-slap Grinder. x2
Grinder is severely wounded.
You constrict Grinder. Grinder hits you!
* * * LOW HITPOINT WARNING * * *
You writhe in agony.
You die...

. ## .. #.#
...#..#
.......##
#...5###
#!@#.## ..
#.....#
....#.....#
#.......#
....##.#..##
...
###.########
#.
#.....##..## #
##...>.....#
..........#.##


You could see Grinder (fast).

Vanquished Creatures
  An orc wizard (D:3)
  3 adders
  3 worms
  A dart slug (D:2)
  2 orcs (D:3)
  5 ball pythons
  10 bats
  11 endoplasms
  6 giant cockroaches
  11 hobgoblins
  7 jackals (D:2)
  10 kobolds
  2 quokkas (D:2)
  5 frilled lizards
  13 goblins
  7 rats
97 creatures vanquished.

Notes
Turn   | Place    | Note
-------+----------+-------------------------------------------
     0 | D:1      | Arctor the Octopode Transmuter began the quest for the Orb.
     0 | D:1      | Reached XP level 1. HP: 13/13 MP: 3/3
    75 | D:1      | Reached XP level 2. HP: 7/18 MP: 3/5
   733 | D:1      | Reached XP level 3. HP: 23/23 MP: 4/6
  1441 | D:2      | Noticed Sigmund
  1526 | D:2      | Reached XP level 4. HP: 29/29 MP: 5/7
  1531 | D:2      | Learned a level 4 spell: Ice Form
  1853 | D:2      | HP: 1/43 [Sigmund/+0 scythe (4)]
  1981 | D:3      | Found a bloodstained altar of Trog.
  2119 | D:3      | Reached skill level 1 in Ice Magic
  2454 | D:3      | Found a sparkling altar of Nemelex Xobeh.
  2490 | D:3      | Reached XP level 5. HP: 29/34 MP: 8/8
  2827 | D:2      | Found a faded altar of an unknown god.
  3296 | D:3      | Found Bunypsyr's Magic Scroll Shoppe.
  3428 | D:3      | Found an iron altar of Okawaru.
  3449 | D:3      | Found a glowing golden altar of the Shining One.
  3611 | D:3      | Bought a scroll of identify for 28 gold pieces
  3611 | D:3      | Bought a scroll of identify for 28 gold pieces
  3613 | D:3      | Gained mutation: You have supernaturally acute eyesight.
                  | (SInv) [potion of mutation]
  3613 | D:3      | Gained mutation: You are strong-willed. (Will+) [potion of
                  | mutation]
  3817 | D:4      | Noticed Grinder
  3824 | D:4      | Paralysed by Grinder for 3 turns
  3834 | D:4      | Slain by Grinder

Illustrated notes

Levels and vault maps discovered:
D:1:      dpeg_arrival_subterranean_lakeside_camping, layout_basic
D:2:      layout_loops_ring, dreamdust_ecumenical_altar_angels_and_demons,
          kennysheep_boxes, uniq_sigmund
D:3:      minmay_diamond_boxcup, layout_basic, overflow_temple_1_default,
          trog_hazing_becter, nemelex_altar_shiori,
          mainiacjoe_overflow_cross_hatched, serial_shops, nicolae_diamond_shop
D:4:      layout_cave_pools, minmay_temple_entry_waves, uniq_grinder

Skill      XL: |  1  2  3  4  5 |
---------------+----------------+-----
Transmutations | 3 |  3.3
Ice Magic      | 1 2 |  2.0
Fighting       | |  1.8
Dodging        | |  2.5
Unarmed Combat | |  3.7
Spellcasting   | |  2.5

Action                     |  1- 3 |  4- 6 || total
---------------------------+-------+-------++-------
  Melee: Unarmed           |    87 |   131 ||   218
         Constrict         |    27 |    26 ||    53
         Kick              |    24 |    35 ||    59
         Tentacles         |    15 |    25 ||    40
         Punch             |     1 |     2 ||     3
   Cast: Beastly Appendage |    36 |    33 ||    69
    Use: Potion            |       |     6 ||     6
         Scroll            |       |     8 ||     8
   Stab: Sleeping          |     8 |     8 ||    16
 Armour: Skin              |     6 |    47 ||    53
  Dodge: Dodged            |    47 |    98 ||   145
